 Dungeon Crawl Stone Soup version 0.24-a0-586-g8e0e932 (webtiles) character file.

Game seed: 7360794958610615248, levelgen mode: deterministic

2468 silenth the Destroyer (level 9, -4/67 HPs)
             Began as a Demigod Conjurer on Sept 8, 2019.
             Slain by an orc warrior
             ... wielding a +0 hand axe
              (9 damage)
             ... on level 8 of the Dungeon.
             The game lasted 00:15:43 (7437 turns).

silenth the Destroyer (Demigod Conjurer)            Turns: 7437, Time: 00:15:43

Health: -4/67      AC:  5    Str: 11    XL:     9   Next: 6%
Magic:  16/28      EV: 12    Int: 25    God:
Gold:   327        SH:  7    Dex: 16    Spells: 11/17 levels left

rFire    . . .     SeeInvis .   z - +0 long sword
rCold    . . .     Gourm    .   f - +2 buckler
rNeg     . . .     Faith    .   g - +2 animal skin
rPois    .         Spirit   .   (helmet restricted)
rElec    .         Reflect  .   L - +0 cloak
rCorr    .         Harm     .   (no gloves)
MR       +....                  (no boots)
Stlth    ++........             A - amulet of the acrobat
HPRegen  0.21/turn              c - ring of magical power
MPRegen  0.21/turn              K - ring of protection from magic

@: no status effects
A: horns 2, high mp 1, wild magic 1
a: no special abilities


You were on level 8 of the Dungeon.
You were not hungry.

You visited 2 branches of the dungeon, and saw 9 of its levels.
You also visited: Ossuary.

You collected 327 gold pieces.

Inventory:

Hand Weapons
 b - a +0 dagger
 l - a +1 vampiric dagger
 o - a +0 mace of crushing
 q - a +1 dagger of venom
 z - a +0 long sword (weapon)
Missiles
 J - a throwing net (quivered)
Armour
 d - a +0 helmet
 f - a +2 buckler (worn)
 g - a +2 animal skin (worn)
 r - a scarf of spirit shield
 L - a +0 cloak (worn)
Magical Staves
 C - an uncursed staff of death
Jewellery
 c - a ring of magical power (left hand)
 n - an uncursed ring of see invisible
 A - an amulet of the acrobat (around neck)
 E - an uncursed ring of positive energy
 K - a ring of protection from magic (right hand)
Wands
 G - a wand of scattershot (4)
 I - a wand of clouds (4)
Scrolls
 i - 7 scrolls of identify {unknown}
 j - 3 scrolls of enchant weapon {unknown}
 k - 4 scrolls of random uselessness {unknown}
 p - 4 scrolls of remove curse {unknown}
 u - 3 scrolls of fear {unknown}
 v - a scroll of summoning {unknown}
 x - 2 scrolls of magic mapping {unknown}
 y - 7 scrolls of teleportation {unknown}
 D - 2 scrolls of amnesia {unknown}
 H - a scroll of blinking {unknown}
Potions
 a - 3 potions of resistance {unknown}
 h - a potion of cancellation {unknown}
 m - 2 potions of degeneration
 s - 3 potions of might {unknown}
 t - a potion of berserk rage {unknown}
 w - 2 potions of haste
 B - 3 potions of curing
 F - 2 potions of heal wounds {unknown}
Comestibles
 e - 8 rations


   Skills:
 + Level 2.2 Fighting
 - Level 1.7 Dodging
 - Level 1.7 Stealth
 - Level 4.0 Shields
 + Level 4.8 Spellcasting
 * Level 8.0 Conjurations
 - Level 5.4 Hexes


You had 11 spell levels left.
You knew the following spells:

 Your Spells              Type           Power        Failure   Level  Hunger
a - Magic Dart            Conj           ####         1%          1    None
b - Searing Ray           Conj           ######       1%          2    None
c - Dazzling Spray        Conj/Hex       ######       3%          3    ##.....

Your spell library contained the following spells:

 Spells                   Type           Power        Failure   Level  Hunger
 Iskenderun's Mystic Bla  Conj           ######..     5%          4    ####...
 Fulminant Prism          Conj/Hex       ######....   9%          4    ####...
 Force Lance              Conj/Tloc      ####....     22%         4    ####...


Dungeon Overview and Level Annotations

Branches:
Dungeon (8/15)             Temple (1/1) D:6         Ossuary (visited)
   Lair: D:8-11

Shops:
D:6 (   D:7 =

Annotations:
D:4 3 runed translucent doors, cranach's ghost, novice MiBe
D:7 2 transporters


Innate Abilities, Weirdness & Mutations

You have an increased reservoir of magic. (+10% MP)
You have a pair of horns on your head.
Your spells are a little harder to cast, but a little more powerful.


Message History

Okay, then.
Casting: Magic Dart (safe; 1% risk of failure)
Confirm with . or Enter, or press ? or * to list all spells.
Aiming: Dazzling Spray (safe; 3% risk of failure)
Press: ? - help, Shift-Dir - straight line, f/p - orc warrior
Aim: an orc warrior, wielding a +0 hand axe and wearing a +0 chain mail (lightly wounded)
The spray of energy hits the orc warrior.
The orc warrior is moderately wounded.
The orc warrior is dazzled.
You block the orc warrior's attack.
You catch the helpless orc warrior completely off-guard!
You hit the orc warrior but do no damage.
The orc warrior is moderately wounded.
The orc warrior hits you with a +0 hand axe!!
* * * LOW HITPOINT WARNING * * *
You closely miss the orc warrior.
The orc warrior is moderately wounded.
The orc warrior hits you with a +0 hand axe.
* * * LOW HITPOINT WARNING * * *
The orc warrior hits you with a +0 hand axe!
You die...

#...# #.### ## #.#
#. ### #.# #. #..
#.# #) #.# #.# #)
#.##### #.# #.
#..... #.#
#.#####..# #.#
#..oo@...# #.#
########.#
#.##############.#
#................#
##################


You could see an orc warrior (blind) and an orc.

Vanquished Creatures
  Harold (D:7)
  Menkaure (D:7)
  2 phantoms
  2 ogres
  A centaur (D:6)
  3 scorpions
  2 howler monkeys (D:5)
  4 crimson imps
  3 jellies
  5 orc priests
  Crazy Yiuf (D:7)
  A hound (D:3)
  An orc wizard (D:3)
  2 iguanas
  5 worker ants
  5 big kobold zombies (Ossuary)
  A hound zombie (D:6)
  A mummy (Ossuary)
  2 worker ant zombies
  Robin (D:2)
  A howler monkey skeleton (D:7)
  9 adders
  An ooze (D:2)
  4 adder skeletons
  3 worms
  5 dart slugs
  6 leopard geckos
  10 orcs
  3 spectral bats (Ossuary)
  A ball python (D:3)
  2 giant cockroaches
  16 goblins
  10 hobgoblins
  4 jackals (D:1)
  5 quokkas
  4 bats (D:1)
  3 bat simulacra (Ossuary)
  9 frilled lizards
  7 gnoll zombies (Ossuary)
  3 goblin simulacra (Ossuary)
  5 goblin zombies (Ossuary)
  3 hobgoblin zombies (Ossuary)
  7 kobolds
  2 kobold simulacra (Ossuary)
  5 kobold zombies (Ossuary)
  A leopard gecko skeleton (D:6)
  5 orc zombies (Ossuary)
  4 rats
  2 rat simulacra (Ossuary)
  4 spectral goblins (Ossuary)
  A spectral kobold (Ossuary)
  2 spectral rats (Ossuary)
191 creatures vanquished.

Notes
Turn   | Place    | Note
-------+----------+-------------------------------------------
     0 | D:1      | silenth the Demigod Conjurer began the quest for the Orb.
     0 | D:1      | Reached XP level 1. HP: 14/14 MP: 5/5
    70 | D:1      | Reached skill level 2 in Spellcasting
   257 | D:1      | Reached skill level 4 in Conjurations
   257 | D:1      | Reached XP level 2. HP: 17/20 MP: 0/7
   569 | D:1      | Learned a level 2 spell: Searing Ray
  1218 | D:2      | Reached skill level 1 in Shields
  1218 | D:2      | Reached XP level 3. HP: 26/26 MP: 8/8
  1600 | D:2      | Noticed Robin
  1639 | D:2      | HP: 1/26 [goblin[Robin] (2)]
  1644 | D:2      | Gained mutation: You have a pair of small horns on your
                  | head. [potion of mutation]
  1644 | D:2      | Gained mutation: You have a pair of horns on your head.
                  | [potion of mutation]
  1644 | D:2      | Gained mutation: Your spells are a little harder to cast,
                  | but a little more powerful. [potion of mutation]
  1663 | D:2      | Killed Robin
  1663 | D:2      | Reached XP level 4. HP: 23/33 MP: 2/10
  2256 | D:3      | Reached skill level 2 in Shields
  2290 | D:3      | Found a shimmering blue altar of Sif Muna.
  2381 | D:3      | Reached XP level 5. HP: 34/38 MP: 3/11
  2389 | D:3      | Reached skill level 5 in Conjurations
  2647 | D:3      | Found a basalt altar of Yredelemnul.
  2788 | D:4      | Reached skill level 3 in Shields
  2793 | D:4      | Learned a level 3 spell: Dazzling Spray
  2825 | D:4      | Found a runed translucent gate.
  2825 | D:4      | Found a runed translucent gate.
  2825 | D:4      | Found a runed translucent gate.
  2826 | D:4      | Noticed cranach's ghost (novice MiBe)
  2840 | D:4      | Noticed an ogre
  2848 | D:4      | Killed an ogre
  2848 | D:4      | Reached skill level 3 in Spellcasting
  2848 | D:4      | Reached XP level 6. HP: 37/45 MP: 12/13
  2873 | D:4      | Reached skill level 1 in Hexes
  3346 | D:5      | Entered Level 5 of the Dungeon
  3600 | D:5      | Reached XP level 7. HP: 50/50 MP: 15/15
  3623 | D:5      | Reached skill level 2 in Hexes
  3773 | D:5      | Reached skill level 4 in Shields
  4210 | D:5      | Reached skill level 6 in Conjurations
  4314 | D:6      | Found Cupsyxos's Antique Weapon Shoppe.
  4485 | D:6      | Found a sacrificial altar of Ru.
  4501 | D:6      | Reached skill level 3 in Hexes
  4985 | D:6      | Found a staircase to the Ecumenical Temple.
  5043 | Temple   | Entered the Ecumenical Temple
  5376 | D:7      | Found a sand-covered staircase.
  5385 | Ossuary  | Entered an ossuary
  5517 | Ossuary  | Reached XP level 8. HP: 57/57 MP: 17/17
  5740 | Ossuary  | Reached skill level 4 in Spellcasting
  5740 | Ossuary  | Reached skill level 4 in Hexes
  5927 | D:7      | Reached skill level 7 in Conjurations
  6247 | D:7      | Noticed Harold
  6253 | D:7      | Noticed Menkaure
  6403 | D:7      | Found a transporter.
  6408 | D:7      | Found a transporter.
  6419 | D:7      | Noticed a cyclops
  6422 | D:7      | Noticed a deep elf mage
  6427 | D:7      | Found a white marble altar of Elyvilon.
  6738 | D:7      | Found a runed translucent door.
  6739 | D:7      | Noticed Crazy Yiuf
  6778 | D:7      | Killed Harold
  6778 | D:7      | Reached skill level 1 in Fighting
  6778 | D:7      | Reached skill level 5 in Hexes
  6815 | D:7      | Killed Menkaure
  6815 | D:7      | Reached skill level 2 in Fighting
  6815 | D:7      | Reached XP level 9. HP: 18/67 MP: 3/19
  6947 | D:7      | Found Axkyech's Jewellery Emporium.
  7214 | D:7      | Reached skill level 8 in Conjurations
  7320 | D:7      | Killed Crazy Yiuf
  7437 | D:8      | HP: 5/67 [orc warrior/+0 hand axe (6)]
  7437 | D:8      | Slain by an orc warrior

Levels and vault maps discovered:
D:1:      dpeg_arrival_refuge, layout_basic
D:2:      layout_rooms, uniq_robin
D:3:      layout_rooms, nicolae_overflow_hidden_temple,
          overflow_temple_1_default
D:4:      layout_cave_pools, first_ration, gammafunk_ghost_split,
          amethyst_killhole
D:5:      layout_loops_ring, chequers_serial_rivers_small_3
D:6:      layout_basic, lemuel_crystal_altar, minmay_temple_entry_stoned_glass,
          serial_shops, nicolae_shop_crystal
D:7:      layout_basic, gammafunk_temple_overflow_arena, serial_shops,
          nicolae_shop_behind_doors, enter_ossuary_1, uniq_crazy_yiuf_cottage,
          uniq_menkaure, uniq_harold
D:8:      layout_loops_ring, evilmike_ruin_ashenzari
Temple:   nicolae_temple_elliptical

Skill      XL: |  1  2  3  4  5  6  7  8  9 |
---------------+----------------------------+-----
Spellcasting   | 2 3 4 |  4.8
Conjurations   | 4 5 6 7 8 |  8.0
Shields        | 1 2 3 4 |  4.0
Hexes          | 1 3 5 |  5.4
Fighting       | 2 |  2.2
Dodging        | |  1.7
Stealth        | |  1.7

Action                   |  1- 3 |  4- 6 |  7- 9 || total
-------------------------+-------+-------+-------++-------
Melee: Dagger            |    40 |    48 |     1 ||    89
       Headbutt          |       |     6 |    37 ||    43
       Long sword        |       |       |   116 ||   116
 Cast: Magic Dart        |   107 |   149 |   206 ||   462
       Searing Ray       |       |     1 |     9 ||    10
       Dazzling Spray    |       |       |     2 ||     2
  Use: Potion            |     7 |       |       ||     7
 Stab: Sleeping          |       |       |     4 ||     4
       Invisible         |       |       |     1 ||     1
  Eat: Chunk             |     3 |     6 |     3 ||    12
       Ration            |       |       |     3 ||     3
Armor: Robe              |    20 |       |       ||    20
       Skin              |    11 |     4 |       ||    15
       Animal skin       |       |     8 |    33 ||    41
Dodge: Dodged            |    48 |    25 |    87 ||   160
Block: Buckler           |    19 |    18 |    53 ||    90
       Rpst.: Long sword |       |       |    28 ||    28

Table legend:
 A = Non-vault XP
 B = Vault XP
 C = Vault XP percentage of total XP
 D = Non-vault monster count
 E = Vault monster count
 F = Vault count percentage of total count
                 A         B        C        D         E       F
            +---------+---------+-------+---------+---------+-------
      Total |    2140 |    1387 |  39.3 |     126 |      65 |  34.0
            +---------+---------+-------+---------+---------+-------
        D:1 |      46 |       0 |   0.0 |      27 |       0 |   0.0
        D:2 |      64 |      34 |  34.7 |      18 |      11 |  37.9
        D:3 |     208 |       0 |   0.0 |      25 |       0 |   0.0
        D:4 |     415 |       0 |   0.0 |      13 |       0 |   0.0
        D:5 |     322 |       0 |   0.0 |      14 |       0 |   0.0
        D:6 |     585 |       0 |   0.0 |      12 |       0 |   0.0
        D:7 |     418 |    1149 |  73.3 |      15 |       3 |  16.7
        D:8 |      82 |       0 |   0.0 |       2 |       0 |   0.0
    Ossuary |       0 |     204 | 100.0 |       0 |      51 | 100.0
            +---------+---------+-------+---------+---------+-------
